 Dungeon Crawl Stone Soup version 0.20.1-1-g8b1a95d (webtiles) character file.

590 Vno the Slasher (level 7, -5/53 HPs)
             Began as a Human Fighter on Nov 9, 2017.
             Was an Initiate of the Shining One.
             Slain by Regeox's ghost (10 damage)
             ... on level 5 of the Dungeon.
             The game lasted 00:29:24 (4419 turns).

Vno the Slasher (Human Fighter)                     Turns: 4419, Time: 00:29:26

Health: -5/53      AC:  8    Str: 16    XL:     7   Next: 66%
Magic:  7/7        EV: 13    Int: 15    God:    the Shining One [......]
Gold:   211        SH:  9    Dex: 13    Spells: 6/6 levels left

rFire    . . .     SeeInvis .   a - +0 long sword
rCold    . . .     Gourm    .   c - +0 shield
rNeg     . . .     Faith    .   b - +0 scale mail
rPois    .         Spirit   .   (no helmet)
rElec    .         Reflect  .   (no cloak)
rCorr    .         Harm     .   e - +0 pair of gloves
MR       .....                  (no boots)
Stlth    ..........             i - amulet of regeneration (curse)
Regen    0.6/turn               h - +2 ring of evasion
MPRegen  0.1/turn               l - +3 ring of evasion

@: brilliant, about to teleport, glowing
A: no striking features
a: Renounce Religion


You were on level 5 of the Dungeon.
You worshipped the Shining One.
The Shining One was noncommittal.
You were not hungry.

You visited 2 branches of the dungeon, and saw 6 of its levels.

You collected 211 gold pieces.

Inventory:

Hand Weapons
 a - a +0 long sword (weapon)
Missiles
 u - 110 arrows
 C - a tomahawk (quivered)
Armour
 b - a +0 scale mail (worn)
 c - a +0 shield (worn)
 e - a +0 pair of gloves (worn)
 m - a +0 ring mail
 n - a +0 leather armour
Jewellery
 h - a +2 ring of evasion (left hand)
 i - a cursed amulet of regeneration (around neck)
 l - a +3 ring of evasion (right hand)
 r - an uncursed ring of positive energy {unknown}
 B - a +4 ring of strength {unknown}
 D - an uncursed amulet of guardian spirit {unknown}
Wands
 o - a wand of acid (9/15)
Scrolls
 p - a scroll of identify {unknown}
 s - 3 scrolls of amnesia {unknown}
 v - a scroll of fear {unknown}
 x - a scroll of blinking {unknown}
 y - a scroll of magic mapping {unknown}
 A - a scroll of noise {unknown}
 E - a scroll of fog {unknown}
Potions
 k - a potion of berserk rage {unknown}
 q - a potion of heal wounds {unknown}
 t - 2 potions of resistance {unknown}
 w - a potion of lignification {unknown}
 z - a potion of agility {unknown}
 F - a potion of brilliance
 H - a potion of curing {unknown}
 J - a potion of degeneration {unknown}
Comestibles
 f - 3 bread rations
 g - 3 meat rations
 j - a royal jelly
 G - 3 fruits
 I - a chunk of flesh


   Skills:
 + Level 3.8 Fighting
 + Level 5.6 Long Blades
 + Level 4.0 Armour
 + Level 1.8 Dodging
 + Level 0.7 Stealth
 + Level 4.5 Shields


You had 6 spell levels left.
You didn't know any spells.

Dungeon Overview and Level Annotations

Branches:
Dungeon (5/15)             Temple (1/1) D:4

Altars:
Ashenzari
Dithmenos
Elyvilon
Fedhas
Gozag
Hepliaklqana
Kikubaaqudgha
Makhleb
Nemelex Xobeh
Okawaru
Qazlal
Ru
Sif Muna
Uskayaw
Vehumet
Xom
Yredelemnul
Zin
The Shining One

Annotations:
D:5 Regeox's ghost, amateur HOFi


Message History

You block Regeox's ghost's attack.
It was a potion of brilliance.
You feel clever all of a sudden. Regeox's ghost hits you!
* * * LOW HITPOINT WARNING * * *
You hit Regeox's ghost but do no damage.
Regeox's ghost is severely damaged.
Regeox's ghost hits you.
* * * LOW HITPOINT WARNING * * *
You block Regeox's ghost's attack.
You hit Regeox's ghost but do no damage.
Regeox's ghost is severely damaged.
You block Regeox's ghost's attack.
You completely miss Regeox's ghost.
Regeox's ghost is severely damaged.
You block Regeox's ghost's attack.
As you read the scroll of teleportation, it crumbles to dust.
You feel strangely unstable. You block Regeox's ghost's attack.
Regeox's ghost hits you!
You die...

####.....#..
#...........
.......#..##
#.....#...##
#....##...####
#....#.......####
##.......##.......
#.W.....######....
#@.....## ###..
#.....## #.. #....##
#.. ........# ##..
........# ###..#
..........# ###.....
..#.......####.......
..##....[..........#..
##...........#####.


You could see Regeox's ghost.

Vanquished Creatures
  An ogre (D:4)
  A phantom (D:4)
  A crimson imp (D:5)
  A bullfrog zombie (D:4)
  A jelly (D:4)
  2 iguanas
  2 worker ants (D:5)
  2 hound skeletons
  A howler monkey skeleton (D:5)
  7 adders
  3 oozes
  4 worms
  3 dart slugs
  3 leopard geckos
  9 orcs (D:3)
  2 giant cockroaches
  8 goblins
  7 hobgoblins
  11 jackals
  3 quokkas
  3 ball pythons
  8 bats
  4 frilled lizards
  2 kobolds
  4 rats
93 creatures vanquished.

Notes
Turn   | Place    | Note
-------+----------+-------------------------------------------
     0 | D:1      | Vno the Human Fighter began the quest for the Orb.
     0 | D:1      | Reached XP level 1. HP: 18/18 MP: 1/1
   113 | D:1      | Reached XP level 2. HP: 18/24 MP: 2/2
   260 | D:1      | Reached XP level 3. HP: 29/29 MP: 3/3
  1218 | D:2      | Reached skill level 1 in Dodging
  1218 | D:2      | Reached XP level 4. HP: 35/35 MP: 4/4
  1231 | D:2      | Reached skill level 3 in Long Blades
  1463 | D:2      | Found a hide-covered altar of Uskayaw.
  1904 | D:3      | Reached XP level 5. HP: 41/41 MP: 5/5
  1944 | D:3      | Found a shadowy altar of Dithmenos.
  1944 | D:3      | Found a sparkling altar of Nemelex Xobeh.
  1945 | D:3      | Found a basalt altar of Yredelemnul.
  1947 | D:3      | Found a glowing silver altar of Zin.
  1947 | D:3      | Found a white marble altar of Elyvilon.
  2728 | D:4      | Found a staircase to the Ecumenical Temple.
  2732 | Temple   | Entered the Ecumenical Temple
  3130 | Temple   | Became a worshipper of the Shining One
  3239 | D:4      | Reached XP level 6. HP: 44/47 MP: 6/6
  3259 | D:4      | Reached skill level 4 in Long Blades
  3632 | D:4      | Noticed a phantom
  3729 | D:4      | Killed a phantom
  3729 | D:4      | Reached XP level 7. HP: 40/53 MP: 7/7
  3731 | D:4      | Found a radiant altar of Vehumet.
  3894 | D:4      | Reached skill level 5 in Long Blades
  3938 | D:5      | Entered Level 5 of the Dungeon
  4369 | D:5      | Noticed Regeox's ghost (amateur HOFi)
  4419 | D:5      | Slain by Regeox's ghost

Skill      XL: |  1  2  3  4  5  6  7 |
---------------+----------------------+-----
Dodging        | 1 |  1.8
Long Blades    | 3 4 5 |  5.6
Shields        | 4 |  4.5
Armour         | 4 |  4.0
Fighting       | |  3.8
Stealth        | |  0.7

Action                   |  1- 3 |  4- 6 |  7- 9 || total
-------------------------+-------+-------+-------++-------
Melee: Long sword        |    94 |   240 |    91 ||   425
Throw: Tomahawk          |       |       |     2 ||     2
  Use: Potion            |     1 |       |     1 ||     2
       Scroll            |     2 |     1 |     1 ||     4
  Eat: Chunk             |     1 |     6 |     3 ||    10
       Royal jelly       |       |     1 |       ||     1
Armor: Scale mail        |    44 |    68 |    16 ||   128
Dodge: Dodged            |    39 |   141 |    42 ||   222
Block: Shield            |    48 |   126 |    28 ||   202
       Rpst.: Long sword |    14 |    55 |    11 ||    80
